 Dungeon Crawl Stone Soup version 0.31-a0-75-g6fe912e8c5 (webtiles) character file.

Game seed: 9102237395786979993

738 juan097 the Chopper (level 7, -5/60 (62) HPs)
             Began as a Minotaur Fighter on May 23, 2023.
             Was an Initiate of Ru.
             Slain by a wight
             ... wielding a +4 battleaxe
              (17 damage)
             ... on level 6 of the Dungeon.
             The game lasted 00:04:55 (4450 turns).

juan097 the Chopper (Minotaur Fighter)              Turns: 4450, Time: 00:04:56

HP:   -5/60 (62)    AC:  7    Str: 22    XL:     7   Next: 46%
MP:   6/6           EV:  9    Int:  5    God:    Ru [......]
Gold: 150           SH:  5    Dex: 10    Spells: 6/6 levels left

rFire   . . .        a - +0 broad axe
rCold   . . .        c - +0 buckler
rNeg    . . .        b - +0 scale mail
rPois   .            (helmet restricted)
rElec   .            (no cloak)
rCorr   .            (no gloves)
SInv    .            (no boots)
Will    .....        (no amulet) Stlth
                     (no ring)
HPRegen 0.30/turn    (no ring)
MPRegen 0.10/turn

%: no passive effects
@: mighty, lightly drained
A: horns 2, retaliatory headbutt
a: Renounce Religion


You were on level 6 of the Dungeon.
You worshipped Ru.
Ru was noncommittal.
You visited 2 branches of the dungeon, and saw 7 of its levels.

You collected 325 gold pieces.
You spent 175 gold pieces at shops.

Inventory:

Hand Weapons
 a - a +0 broad axe (weapon)
 w - a +0 war axe
Missiles
 g - 10 javelins
 p - 15 poisoned darts (quivered)
 s - 4 curare-tipped darts
Armour
 b - a +0 scale mail (worn)
 c - a +0 buckler (worn)
Jewellery
 z - a +5 ring of evasion
Wands
 l - a wand of iceblast (13)
Scrolls
 e - a scroll of amnesia
 h - a scroll of poison
 i - 3 scrolls of teleportation {unknown}
 j - 4 scrolls of fear
 k - a scroll of identify
 r - a scroll of noise
 t - a scroll of immolation
 u - a scroll of magic mapping
 y - 2 scrolls of enchant armour {unknown}
 A - a scroll of enchant weapon
Potions
 f - a potion of haste {unknown}
 m - 2 potions of curing {unknown}
 n - a potion of enlightenment {unknown}
 o - a potion of cancellation {unknown}
 q - 3 potions of attraction {unknown}
 v - a potion of ambrosia {unknown}
 x - a potion of heal wounds {unknown}


   Skills:
 + Level 5.7 Fighting
 * Level 6.7 Axes
 + Level 5.7 Armour
 + Level 5.6 Shields


You had 6 spell levels left.
You didn't know any spells.
Your spell library contained the following spells:

 Spells                   Type           Power      Damage    Failure   Level
 Sting                    Tmut/Pois      0%         1d3       83%         1
 Summon Small Mammal      Summ           0%         N/A       83%         1
 Call Canine Familiar     Summ           0%         N/A       99%         3
 Summon Guardian Golem    Hex/Summ       0%         N/A       99%         3
 Swiftness                Air            0%         N/A       99%         3
 Ice Form                 Ice/Tmut       0%         N/A       100%        4


Dungeon Overview and Level Annotations

Branches:
Dungeon (6/15)             Temple (1/1) D:5

Altars:
Ashenzari
Cheibriados
Elyvilon
Fedhas
Gozag
Kikubaaqudgha
Nemelex Xobeh
Ru
Sif Muna
Trog
Uskayaw
Vehumet
Wu Jian
Xom
The Shining One

Shops:
D:4 *

Annotations:
D:5 3 runed translucent doors, Sans23's ghost, weakling HuDe


Innate Abilities, Weirdness & Mutations

You have a pair of horns on your head.
You reflexively headbutt those who attack you in melee.


Message History

You slash the wight! Your headbutt misses the wight.
The wight is almost destroyed.
The wight barely misses you. The wight closely misses you.
You hit the wight.
You destroy the wight!
The wight hits you from afar with a +2 halberd of freezing.
You feel drained. The wight freezes you.
Your life force feels restored.
The wight barely misses you. You furiously retaliate!
You headbutt the wight.
Things that are here:
a +0 trident; a +0 robe You barely miss the wight.
You headbutt the wight!
The wight is severely damaged.
The wight closely misses you. You furiously retaliate!
You headbutt the wight!
You destroy the wight!
The wight hits you with a +4 battleaxe!!
The wight hits you with a +3 war axe!
You feel drained.
Your life force feels restored.
You are too injured to fight recklessly!
You are too injured to fight recklessly!
You are too injured to fight recklessly!
You are too injured to fight recklessly!
You are too injured to fight recklessly!
You are too injured to fight recklessly!
You are too injured to fight recklessly!
You are too injured to fight recklessly!
You are too injured to fight recklessly!
You are too injured to fight recklessly!
You are too injured to fight recklessly!
You are too injured to fight recklessly!
You are too injured to fight recklessly!
You are too injured to fight recklessly!
You are too injured to fight recklessly!
You feel very mighty all of a sudden. The wight hits you with a +4 battleaxe.
You feel drained. The wight hits you with a +3 war axe!
* * * LOW HITPOINT WARNING * * *
You closely miss the wight. You barely miss the wight.
The wight hits you with a +4 battleaxe!
You die...

.# ##......... # #.##
##.......# .## ##...
###.......# #...
....##§...☼....###....
#....#.≈≈≈○☼....#....>
.##..#.#.≈≈≈§≈........#
....#...≈≈_..........#.
#..#...≈☼○§≈.#.#......
#..#...≈≈≈≈≈..@.......
#..#.......zz.....#.
##.###..#......##...
...##..####........# ..
....##..###...#..... .
.........##...##.....
......##.##..##$......
.....##..#..# #.......
.....##.....#


You could see 2 wights.

Vanquished Creatures
  A black bear (D:4)
  A phantom (D:4)
  2 wights (D:6)
  4 scorpions
  A hound (D:5)
  A sleepcap (D:5)
  2 iguanas (D:5)
  5 adders
  An ufetubus (D:5)
  2 dart slugs (D:5)
  2 orcs
  8 bats
  7 endoplasms
  6 giant cockroaches
  13 goblins
  6 hobgoblins
  3 jackals (D:2)
  4 quokkas
  12 ball pythons
  2 frilled lizards (D:1)
  3 kobolds
  4 rats
90 creatures vanquished.

Notes
Turn   | Place    | Note
-------+----------+-------------------------------------------
     0 | D:1      | juan097 the Minotaur Fighter began the quest for the Orb.
     0 | D:1      | Reached XP level 1. HP: 19/19 MP: 0/0
   138 | D:1      | Reached XP level 2. HP: 27/27 MP: 1/1
   270 | D:1      | Reached skill level 3 in Axes
   746 | D:2      | Reached XP level 3. HP: 33/33 MP: 2/2
  1400 | D:3      | Found a radiant altar of Vehumet.
  1638 | D:3      | Reached XP level 4. HP: 39/40 MP: 3/3
  2036 | D:4      | Noticed a black bear
  2043 | D:4      | Killed a black bear
  2044 | D:4      | Reached skill level 4 in Axes
  2044 | D:4      | Reached XP level 5. HP: 35/47 MP: 4/4
  2099 | D:4      | Got the Handbook of Evolved Clouds
  2235 | D:4      | Noticed a phantom
  2243 | D:4      | Killed a phantom
  2244 | D:4      | Reached skill level 5 in Axes
  2719 | D:4      | Found Vuehats's Assorted Antiques.
  2724 | D:4      | Bought a scroll labelled TEZETZ NEUKK for 25 gold pieces
  2724 | D:4      | Bought a scroll labelled TEZETZ NEUKK for 25 gold pieces
  2724 | D:4      | Bought a scroll labelled TEZETZ NEUKK for 25 gold pieces
  2724 | D:4      | Bought a broad axe for 100 gold pieces
  2759 | D:4      | Reached XP level 6. HP: 54/55 MP: 5/5
  2787 | D:4      | Reached skill level 5 in Armour
  2945 | D:5      | Entered Level 5 of the Dungeon
  2955 | D:5      | Reached skill level 5 in Fighting
  2955 | D:5      | Reached skill level 5 in Shields
  3273 | D:5      | Found a runed translucent gate.
  3274 | D:5      | Found a runed translucent gate.
  3274 | D:5      | Noticed Sans23's ghost (weakling HuDe)
  3275 | D:5      | Found a runed translucent gate.
  3341 | D:5      | Found a shimmering altar of Xom.
  3406 | D:5      | Reached skill level 6 in Axes
  3469 | D:5      | Reached XP level 7. HP: 56/61 MP: 6/6
  3494 | D:5      | Found a staircase to the Ecumenical Temple.
  3526 | Temple   | Entered the Ecumenical Temple
  3901 | Temple   | Became a worshipper of Ru the Awakened
  4344 | D:5      | Identified the +2 leather armour of Purpose {Dex+5}
  4429 | D:6      | Found a shimmering blue altar of Sif Muna.
  4450 | D:6      | Slain by a wight

Illustrated notes

Levels and vault maps discovered:
D:1:      zelgadis_glass_arrival_small, layout_basic
D:2:      layout_loops_corners
D:3:      layout_rooms, mainiacjoe_overflow_alcove_1
D:4:      minmay_door_path, layout_loops_corners, serial_shops, shop
D:5:      layout_loops_ring, tgw_xom, minmay_temple_entry_junction,
          biasface_ghost_orc_armoury, minmay_door_square
D:6:      layout_cave_pools, nicolae_sif_muna_condensation
Temple:   minmay_temple_forest_path

Skill      XL: |  1  2  3  4  5  6 |
---------------+-------------------+-----
Axes           | 3 4 5 6 |  6.7
Shields        | 4 5 |  5.6
Fighting       | 4 5 |  5.7
Armour         | 4 5 |  5.7

Action                     |  1- 3 |  4- 6 |  7- 9 || total
---------------------------+-------+-------+-------++-------
  Melee: War axe           |    92 |    41 |       ||   133
         Headbutt          |     7 |    10 |     2 ||    19
         Broad axe         |       |    34 |    15 ||    49
  Throw: Dart              |       |    10 |       ||    10
    Use: Scroll            |       |       |     7 ||     7
         Potion            |       |       |     1 ||     1
 Armour: Scale mail        |    49 |    30 |     3 ||    82
  Dodge: Dodged            |    49 |    40 |    14 ||   103
  Block: Buckler           |    23 |    22 |     3 ||    48

Table legend: (Time is in decaauts)
 A = Elapsed time spent in this place.
 B = Non-inter-level travel time spent in this place.
 C = Inter-level travel time spent in this place.
 D = Time resting spent in this place.
 E = Time spent auto-exploring this place.
 F = Levels seen in this place.
 G = Mean time per level.
                   A        B        C        D        E       F      G
               +--------+--------+--------+--------+--------+-----+--------+
         Total |   4514 |   4339 |    175 |      0 |   3739 |   7 |  644.9 |
       Dungeon |   4103 |   3987 |    116 |      0 |   3401 |   6 |  683.8 |
        Temple |    410 |    351 |     59 |      0 |    338 |   1 |  410.0 |
               +--------+--------+--------+--------+--------+-----+--------+

Top non-repeatable levels by time:
     D:4: 1120 daAuts
     D:5: 1047 daAuts
     D:2: 852 daAuts
     D:1: 574 daAuts
     D:3: 447 daAuts
  Temple: 410 daAuts
     D:6: 60 daAuts
